 Dungeon Crawl Stone Soup version 0.24.0-37-gcf1ca852f1 (webtiles) character file.

Game seed: 7956527316349174328, levelgen mode: deterministic

205 Kobolds4U the Sneak (level 5, -1/28 HPs)
             Began as a Deep Elf Conjurer on Dec 7, 2019.
             Was a Follower of Qazlal.
             Slain by a killer bee zombie (3 damage)
             ... on level 6 of the Dungeon.
             The game lasted 00:10:47 (2808 turns).

Kobolds4U the Sneak (Deep Elf Conjurer)             Turns: 2808, Time: 00:10:48

Health: -1/28      AC:  2    Str:  6    XL:     5   Next: 53%
Magic:  13/13      EV: 13    Int: 20    God:    Qazlal [*.....]
Gold:   94         SH:  2    Dex: 15    Spells: 2/12 levels left

rFire    . . .     SeeInvis .   u - +3 dagger (elec)
rCold    . . .     Gourm    .   (no shield)
rNeg     . . .     Faith    +   a - +0 robe
rPois    .         Spirit   .   (no helmet)
rElec    .         Reflect  .   (no cloak)
rCorr    .         Harm     .   (no gloves)
MR       .....                  (no boots)
Stlth    +++.......             r - amulet of faith
HPRegen  0.09/turn              m - +3 ring of slaying
MPRegen  0.13/turn              (no ring)

@: no status effects
A: no striking features
a: Renounce Religion


You were on level 6 of the Dungeon.
You worshipped Qazlal.
Qazlal was aware of your devotion.
You were not hungry.

You visited 1 branch of the dungeon, and saw 4 of its levels.

You collected 94 gold pieces.

Inventory:

Hand Weapons
 u - a +3 dagger of electrocution (weapon)
Missiles
 y - 5 boomerangs (quivered)
Armour
 a - a +0 robe (worn)
Jewellery
 m - a +3 ring of slaying (left hand)
 r - an amulet of faith (around neck)
Scrolls
 d - a scroll of remove curse {unknown}
 e - a scroll of enchant armour {unknown}
 i - 2 scrolls of identify {unknown}
 k - a scroll of random uselessness {unknown}
 l - a scroll of amnesia {unknown}
 p - a scroll of fear {unknown}
 q - a scroll of magic mapping {unknown}
 s - a scroll of teleportation {unknown}
 v - a scroll of fog {unknown}
Potions
 b - 2 potions of flight {unknown}
 f - 2 potions of ambrosia {unknown}
 g - a potion of lignification {unknown}
 h - 2 potions of heal wounds
 j - 2 potions of brilliance {unknown}
 t - a potion of degeneration {unknown}
 w - a potion of might {unknown}
 x - a potion of curing {unknown}
Comestibles
 c - a ration
 o - 6 chunks of flesh


   Skills:
 - Level 2.4 Dodging
 + Level 6.9 Stealth
 - Level 4.0 Spellcasting
 - Level 4.3 Conjurations
 + Level 1.4 Hexes


You had 2 spell levels left.
You knew the following spells:

 Your Spells              Type           Power        Failure   Level  Hunger
a - Magic Dart            Conj           ###.         2%          1    None
b - Searing Ray           Conj           ###...       3%          2    #......
c - Dazzling Spray        Conj/Hex       ###...       12%         3    ###....
d - Force Lance           Conj/Tloc      ##......     45%         4    ####...

Your spell library contained the following spells:

 Spells                   Type           Power        Failure   Level  Hunger
 Iskenderun's Mystic Bla  Conj           ###.....     22%         4    ####...
 Fulminant Prism          Conj/Hex       ###.......   36%         4    ####...


Dungeon Overview and Level Annotations

Branches:
Dungeon (3/15)

Altars:
Qazlal
Wu Jian


Message History

The centaur shoots an arrow.
The arrow hits you! The killer bee zombie hits you.
* * * LOW HITPOINT WARNING * * *
The centaur shoots an arrow.
The arrow barely misses you.
An orc wizard comes into view. It is wielding a +0 dagger.
The shadow imp misses you.
The killer bee zombie closely misses you.
The centaur shoots an arrow.
The arrow hits you.
* * * LOW HITPOINT WARNING * * *
The centaur shoots an arrow.
The arrow hits you.
* * * LOW HITPOINT WARNING * * *
The killer bee zombie closely misses you.
You see here an arrow.
The killer bee zombie barely misses you.
The killer bee zombie closely misses you.
Found a scroll of enchant weapon.
The killer bee zombie closely misses you.
Found 31 sling bullets.
The killer bee zombie hits you.
You die...

# #..o.$.....##
#.##..........#.#.
........(s........
.##...hch...#..#.
#h..O.(.......
#oc######...###
#.5c.#.........
#.##h#......... #.
#..Z@....... #.
#..#☼.?..... #.
#..#........ #.
#.##........ ##
####........
#.....(..
#########


You could see a hound and a killer bee zombie.

Vanquished Creatures
  A howler monkey (D:2)
  Jessica (D:2)
  Natasha (twice) (D:3)
  2 adders
  3 worms (D:2)
  A leopard gecko (D:1)
  3 orcs (D:3)
  5 bats
  6 giant cockroaches
  8 hobgoblins
  2 jackals (D:2)
  11 kobolds
  A quokka (D:2)
  A ball python (D:2)
  3 frilled lizards
  10 goblins
  6 rats
66 creatures vanquished.

Notes
Turn   | Place    | Note
-------+----------+-------------------------------------------
     0 | D:1      | Kobolds4U the Deep Elf Conjurer began the quest for the
                  | Orb.
     0 | D:1      | Reached XP level 1. HP: 10/10 MP: 6/6
   132 | D:1      | Reached XP level 2. HP: 15/15 MP: 0/8
   136 | D:1      | Learned a level 2 spell: Searing Ray
   312 | D:1      | Reached skill level 3 in Stealth
  1126 | D:2      | Found a stormy altar of Qazlal.
  1130 | D:2      | Noticed Jessica
  1135 | D:2      | Became a worshipper of Qazlal Stormbringer
  1137 | D:2      | Killed Jessica
  1137 | D:2      | Reached skill level 4 in Stealth
  1137 | D:2      | Reached XP level 3. HP: 19/19 MP: 7/10
  1272 | D:2      | Reached skill level 5 in Stealth
  1272 | D:2      | Reached XP level 4. HP: 22/24 MP: 7/12
  1861 | D:2      | Reached * piety under Qazlal
  1861 | D:2      | Reached skill level 6 in Stealth
  2311 | D:2      | Found an ornate altar of the Wu Jian Council.
  2400 | D:3      | Reached XP level 5. HP: 26/28 MP: 7/13
  2454 | D:3      | Noticed Natasha
  2465 | D:3      | Killed Natasha
  2553 | D:3      | Learned a level 3 spell: Dazzling Spray
  2558 | D:3      | Learned a level 4 spell: Force Lance
  2666 | D:3      | Noticed Natasha
  2670 | D:3      | Killed Natasha
  2670 | D:3      | Reached skill level 1 in Hexes
  2797 | D:3      | You fall into a shaft and drop 3 floors!
  2797 | D:6      | Noticed an ogre
  2798 | D:6      | Noticed a centaur
  2799 | D:6      | Noticed a centaur
  2803 | D:6      | HP: 1/28 [centaur/arrow (2)]
  2808 | D:6      | Slain by a killer bee zombie

Levels and vault maps discovered:
D:1:      dpeg_arrival_simpleton_a, layout_basic, lemuel_flame_loot_1
D:2:      layout_loops_ring, grunt_qazlal_sundering, lemuel_doored_altar,
          hex_tiny, uniq_jessica
D:3:      layout_basic, serial_forest, infiniplex_forest_lined_2,
          infiniplex_forest_lined_2, infiniplex_forest_clump_medium,
          infiniplex_forest_end_3, uniq_natasha
D:6:      layout_rooms, minmay_temple_entry_ruins

Skill      XL: |  1  2  3  4  5 |
---------------+----------------+-----
Stealth        | 4 5 6 |  6.9
Spellcasting   | 4 |  4.0
Hexes          | 1 |  1.4
Dodging        | |  2.4
Conjurations   | |  4.3

Action                   |  1- 3 |  4- 6 || total
-------------------------+-------+-------++-------
Melee: Dagger            |     6 |    29 ||    35
 Cast: Magic Dart        |    45 |    45 ||    90
       Searing Ray       |     2 |    10 ||    12
       Dazzling Spray    |       |     1 ||     1
  Use: Scroll            |       |     1 ||     1
       Potion            |       |     1 ||     1
 Stab: Sleeping          |     3 |     1 ||     4
  Eat: Chunk             |     1 |     5 ||     6
Armor: Robe              |     2 |     8 ||    10
Dodge: Dodged            |    12 |    43 ||    55
Block: Other             |       |     1 ||     1
